 Dungeon Crawl Stone Soup version 0.29.1-2-gbd0b4ee654 (webtiles) character file.

Game seed: 14904045296546928014

3482 NinjaNoafa the Severer (level 9, -14/72 HPs)
             Began as a Minotaur Fighter on Nov 21, 2022.
             Was an Initiate of Gozag.
             Demolished by a boulder beetle (23 damage)
             ... on level 8 of the Dungeon.
             The game lasted 00:09:12 (7406 turns).

NinjaNoafa the Severer (Minotaur Fighter)           Turns: 7406, Time: 00:09:13

Health: -14/72     AC: 15    Str: 25    XL:     9   Next: 79%
Magic:  8/8        EV:  6    Int:  5    God:    Gozag
Gold:   1080       SH: 10    Dex: 17    Spells: 8/8 levels left

rFire   . . .      SeeInvis +   a - +0 war axe
rCold   . . .      Faith    .   c - +0 buckler
rNeg    + . .      Spirit   .   o - +0 plate armour
rPois   .          Reflect  +   (helmet restricted)
rElec   .          Harm     .   j - +2 cloak
rCorr   .          Rampage  .   (no gloves)
Will    .....                   (no boots)
Stlth   ..........              q - amulet of reflection
HPRegen 0.22/turn               r - ring of positive energy
MPRegen 0.11/turn               y - ring "Duola" {Drain Dex+7 SInv}

@: very slow
A: horns 2, retaliatory headbutt
a: Renounce Religion, Potion Petition, Call Merchant, Bribe Branch


You were on level 8 of the Dungeon.
You worshipped Gozag.
Gozag was most pleased with you.
You visited 2 branches of the dungeon, and saw 9 of its levels.

You collected 1139 gold pieces.
You paid 59 gold pieces to Gozag.

Inventory:

Hand Weapons
 a - a +0 war axe (weapon)
Missiles
 i - a poisoned dart (quivered)
 k - 83 stones
 A - 5 boomerangs
 F - 2 throwing nets
 G - a curare-tipped dart
Armour
 c - a +0 buckler (worn)
 j - a +2 cloak (worn)
 o - a +0 plate armour (worn)
Jewellery
 n - a ring of fire
 q - an amulet of reflection (around neck)
 r - a ring of positive energy (left hand)
 y - the ring "Duola" (right hand) {Drain Dex+7 SInv}
   (You found it on level 4 of the Dungeon)

   [ring of see invisible]

   Dex:       It affects your dexterity (+7).
   SInv:      It lets you see invisible.
   Drain:     It drains your maximum health when unequipped.
Wands
 d - a wand of polymorph (7)
 D - a wand of mindburst (17)
Scrolls
 b - 2 scrolls of enchant weapon {unknown}
 e - 8 scrolls of identify {unknown}
 f - 3 scrolls of immolation {unknown}
 l - a scroll of poison {unknown}
 m - a scroll of amnesia {unknown}
 s - 2 scrolls of acquirement {unknown}
 u - 7 scrolls of teleportation {unknown}
 x - 2 scrolls of summoning {unknown}
 C - a scroll of fog {unknown}
 E - a scroll of blinking {unknown}
Potions
 g - 2 potions of magic {unknown}
 h - 2 potions of lignification {unknown}
 p - 2 potions of degeneration {unknown}
 t - 6 potions of curing {unknown}
 v - a potion of mutation {unknown}
 w - a potion of ambrosia
 z - 3 potions of heal wounds {unknown}
 B - a potion of flight {unknown}


   Skills:
 + Level 4.6 Fighting
 - Level 16.0 Axes
 + Level 4.6 Armour
 - Level 3.6 Shields


You had 8 spell levels left.
You didn't know any spells.
Your spell library contained the following spells:

 Spells                   Type           Power      Damage    Failure   Level
 Apportation              Tloc           0%         N/A       100%        1
 Magic Dart               Conj           0%         1d3       100%        1
 Necrotise                Necr           0%         1d4       100%        1
 Summon Small Mammal      Summ           0%         N/A       100%        1
 Call Imp                 Summ           0%         N/A       100%        2
 Inner Flame              Hex/Fire       0%         N/A       100%        3
 Mephitic Cloud           Conj/Pois/Air  0%         N/A       100%        3
 Cause Fear               Hex            0%         N/A       100%        4
 Fulminant Prism          Conj/Hex       0%         3d6       100%        4
 Iskenderun's Mystic Bla  Conj/Tloc      0%         2d3       100%        4
 Lee's Rapid Deconstruct  Erth           0%         3d5*      100%        5
 Discord                  Hex            0%         N/A       100%        8


Dungeon Overview and Level Annotations

Branches:
Dungeon (8/15)             Temple (1/1) D:5
   Lair: D:8-11

Altars:
Ashenzari
Cheibriados
Elyvilon
Fedhas
Gozag
Hepliaklqana
Kikubaaqudgha
Nemelex Xobeh
Okawaru
Qazlal
Ru
Trog
Uskayaw
Vehumet
Yredelemnul
Zin
The Shining One


Innate Abilities, Weirdness & Mutations

You have a pair of horns on your head.
You reflexively headbutt those who attack you in melee.


Message History

Aim: a boulder beetle (moderately wounded, very poisoned, 90% to hit)
You throw a poisoned dart.
The poisoned dart hits the boulder beetle.
The boulder beetle looks even sicker.
The boulder beetle is moderately wounded.
Throw: 4 darts (poison)
Press: ? - help, Q - select action, (/) - cycle Shift-Dir - straight line, f/p - boulder beetle
Aim: a boulder beetle (moderately wounded, very poisoned, 90% to hit)
You throw a poisoned dart.
The poisoned dart hits the boulder beetle.
The boulder beetle looks as sick as possible!
The boulder beetle is moderately wounded.
The boulder beetle leaps!
Your unstable footing causes you to fumble your attack.
The boulder beetle bites you!!
Your unstable footing causes you to fumble your attack.
Throw: 3 darts (poison)
Press: ? - help, Q - select action, (/) - cycle Shift-Dir - straight line, f/p - boulder beetle
Aim: a boulder beetle (severely wounded, very poisoned, 90% to hit)
You throw a poisoned dart.
The poisoned dart hits the boulder beetle.
The boulder beetle is severely wounded.
The boulder beetle bites you!
* * * LOW HITPOINT WARNING * * *
Your unstable footing causes you to fumble your attack.
The boulder beetle leaps!
Throw: 2 darts (poison)
Press: ? - help, Q - select action, (/) - cycle Shift-Dir - straight line, f/p - boulder beetle
Aim: a boulder beetle (almost dead, very poisoned, 90% to hit)
You throw a poisoned dart.
The poisoned dart hits the boulder beetle.
The boulder beetle is almost dead.
The boulder beetle bites you!
* * * LOW HITPOINT WARNING * * *
You see here 2 poisoned darts.
You see here a poisoned dart.
The boulder beetle attacks as you move away!
The boulder beetle bites you!!
You die...
Your body crumbles into a pile of gold.

################
.######..........)...###
....##..############...#######
###....##~~~..### ###........
...#####.####(~(######.#######
##.####.## +##B@(((##>))..# .#
......#.# #####..#)###.# .#
......#.#.....# #.....# .#
......#.#.~.~P# #.#...###.#
..~~..#~#)PP.~#.....##...#...#.#
..~~..#~#.~.=.#~P..P##.#.#.#.#>#
..~...#~#≈≈$≈≈#?.PP~##.#.###.#.#
......#~##≈SS##?.[)~##.#.......#
..<...##~######≈≈.≈≈##.######.##


You could see a boulder beetle (very poisoned).

Vanquished Creatures
  Grinder (D:6)
  A hornet (D:7)
  Prince Ribbit (D:6)
  Sigmund (D:4)
  Edmund (D:5)
  2 black bears
  2 orc warriors
  3 ogres (D:6)
  2 centaurs (D:8)
  2 phantoms (D:4)
  A kobold brigand (D:8)
  7 bullfrogs
  A necrophage (D:7)
  A scorpion (D:7)
  A gnoll sergeant (D:8)
  2 howler monkeys
  A jelly (D:7)
  3 hounds
  9 orc priests
  Terence (D:3)
  2 iguanas
  4 orc wizards
  13 adders
  9 gnolls
  A shadow imp (D:6)
  A white imp (D:6)
  6 worms
  2 dart slugs
  26 orcs
  8 ball pythons
  5 endoplasms
  2 giant cockroaches
  11 goblins
  6 hobgoblins
  5 jackals
  7 kobolds
  7 quokkas
  8 bats
  3 frilled lizards (D:2)
  3 rats
172 creatures vanquished.

Vanquished Creatures (others)
  A plant (D:4)
1 creature vanquished.

Grand Total: 173 creatures vanquished

Notes
Turn   | Place    | Note
-------+----------+-------------------------------------------
     0 | D:1      | NinjaNoafa the Minotaur Fighter began the quest for the
                  | Orb.
     0 | D:1      | Reached XP level 1. HP: 19/19 MP: 0/0
   205 | D:1      | Reached skill level 3 in Axes
   242 | D:1      | Reached XP level 2. HP: 26/26 MP: 1/1
   534 | D:1      | Reached skill level 4 in Axes
   793 | D:1      | Reached XP level 3. HP: 31/31 MP: 2/2
  1219 | D:2      | Reached skill level 5 in Axes
  1280 | D:2      | Reached XP level 4. HP: 24/39 MP: 3/3
  1429 | D:2      | Identified the +1 leather armour "Padepp" {rPois}
  1857 | D:3      | Reached skill level 6 in Axes
  1861 | D:3      | Reached XP level 5. HP: 22/45 MP: 4/4
  1872 | D:3      | Reached skill level 7 in Axes
  2177 | D:3      | Found a faded altar of an unknown god.
  2241 | D:3      | Noticed Terence
  2249 | D:3      | Killed Terence
  2621 | D:4      | Found an opulent altar of Gozag.
  2629 | D:4      | Reached XP level 6. HP: 39/51 MP: 5/5
  2631 | D:4      | Became a worshipper of Gozag Ym Sagoz the Greedy
  2719 | D:4      | Noticed Sigmund
  2748 | D:4      | Reached skill level 8 in Axes
  2752 | D:4      | Killed Sigmund
  2753 | D:4      | Reached skill level 9 in Axes
  2753 | D:4      | Reached XP level 7. HP: 45/57 MP: 6/6
  2842 | D:4      | Identified the ring "Duola" {Drain Dex+7 SInv}
  3315 | D:5      | Entered Level 5 of the Dungeon
  3486 | D:5      | Found a glowing golden altar of the Shining One.
  3515 | D:5      | Reached skill level 10 in Axes
  3899 | D:5      | Noticed Edmund
  3913 | D:5      | Killed Edmund
  4182 | D:5      | Found a staircase to the Ecumenical Temple.
  4233 | D:5      | Reached skill level 11 in Axes
  4275 | D:5      | Reached XP level 8. HP: 55/64 MP: 7/7
  4610 | Temple   | Entered the Ecumenical Temple
  4919 | D:6      | Noticed Prince Ribbit
  4943 | D:6      | Killed Prince Ribbit
  4944 | D:6      | Reached skill level 12 in Axes
  5275 | D:6      | Reached skill level 13 in Axes
  5440 | D:6      | Noticed Grinder
  5449 | D:6      | Paralysed by Grinder for 2 turns
  5458 | D:6      | Killed Grinder
  5913 | D:7      | Reached skill level 14 in Axes
  5913 | D:7      | Reached XP level 9. HP: 64/70 MP: 8/8
  6060 | D:7      | Reached skill level 15 in Axes
  7105 | D:8      | Reached skill level 16 in Axes
  7379 | D:8      | Noticed a boulder beetle
  7406 | D:8      | Demolished by a boulder beetle

Illustrated notes

Levels and vault maps discovered:
D:1:      dpeg_arrival_radiant, layout_loops_ring
D:2:      layout_rooms, nicolae_wormholes
D:3:      layout_basic, basic_ecumenical_altar, uniq_terence
D:4:      layout_basic, grunt_gozag_statues, guppyfry_early_lair_pool,
          uniq_sigmund
D:5:      wander_river, layout_loops_ring, marbit_many_paths, temple_statues,
          kennysheep_path_1, uniq_edmund
D:6:      layout_basic, serial_curves, eino_curves_04, eino_curves_03,
          uniq_grinder, uniq_prince_ribbit1
D:7:      layout_basic
D:8:      cheibrodos_two_vegetables, layout_basic, minitemple
Temple:   regret_index_temple_waves

Skill      XL: |  1  2  3  4  5  6  7  8  9 |
---------------+----------------------------+-----
Axes           | 3 4 5 6 7 9 11 14 16 | 16.0
Fighting       | 4 |  4.6
Armour         | 4 |  4.6
Shields        | |  3.6

Action                   |  1- 3 |  4- 6 |  7- 9 || total
-------------------------+-------+-------+-------++-------
Melee: War axe           |    69 |    90 |   253 ||   412
       Headbutt          |     4 |     9 |    45 ||    58
       Unarmed           |       |     6 |     7 ||    13
Throw: Dart              |       |       |    10 ||    10
  Use: Potion            |       |     2 |     2 ||     4
 Stab: Distracted        |       |       |     1 ||     1
Armor: Scale mail        |    27 |       |       ||    27
       Plate armour      |    22 |    75 |   100 ||   197
       Skin              |       |     4 |     2 ||     6
Dodge: Dodged            |    34 |    28 |    49 ||   111
Block: Buckler           |    29 |    58 |    92 ||   179
       Reflection        |       |     1 |     5 ||     6
